 Dungeon Crawl Stone Soup version 0.21.1-1-g345015f (webtiles) character file.

200 tidbits the Twirler (level 5, -3/41 HPs)
             Began as a Gnoll Wanderer on June 8, 2018.
             Slain by Jaiteiro's ghost (15 damage)
             ... on level 4 of the Dungeon.
             The game lasted 00:04:50 (437 turns).

tidbits the Twirler (Gnoll Wanderer)                 Turns: 437, Time: 00:04:50

Health: -3/41      AC:  2    Str: 12    XL:     5   Next: 78%
Magic:  6/18       EV: 12    Int: 15    God:
Gold:   66         SH:  0    Dex: 17    Spells: 6/10 levels left

rFire    . . .     SeeInvis .   a - +2 quarterstaff
rCold    . . .     Gourm    .   (shield currently unavailable)
rNeg     . . .     Faith    .   d - +0 robe
rPois    .         Spirit   .   (no helmet)
rElec    .         Reflect  .   (no cloak)
rCorr    .         Harm     .   (no gloves)
MR       .....                  (no boots)
Stlth    ++........             (no amulet)
HPRegen  0.13/turn              p - ring of magical power
MPRegen  0.16/turn              (no ring)

@: shrouded
A: distributed training, fangs 1, strong nose
a: no special abilities


You were on level 4 of the Dungeon.
You were not hungry.

You visited 1 branch of the dungeon, and saw 4 of its levels.

You collected 66 gold pieces.

Inventory:

Hand Weapons
 a - a +2 quarterstaff (weapon)
 b - a +0 falchion
Missiles
 e - 38 stones (quivered)
 k - 42 sling bullets
Armour
 d - a +0 robe (worn)
Jewellery
 p - a ring of magical power (left hand)
   (You found it on level 4 of the Dungeon)
Scrolls
 g - 4 scrolls of teleportation {unknown}
 i - a scroll of immolation {unknown}
 n - a scroll of identify {unknown}
Potions
 h - a potion of flight {unknown}
 j - a potion of mutation {unknown}
 l - a potion of lignification {unknown}
 m - a potion of curing {unknown}
 o - a potion of degeneration {unknown}
Books
 c - the Incunabulum of Dislocation

   Spells                             Type                      Level
   a - Shroud of Golubria             Charms/Translocation         2
   b - Blink                          Translocation                2
Comestibles
 f - 2 rations


   Skills:
 + Level 3.0 Fighting
 + Level 1.6 Short Blades
 + Level 1.6 Long Blades
 + Level 1.6 Axes
 + Level 1.6 Maces & Flails
 + Level 1.6 Polearms
 + Level 6.7 Staves
 + Level 1.6 Slings
 + Level 1.6 Bows
 + Level 1.6 Crossbows
 + Level 3.0 Throwing
 + Level 1.6 Armour
 + Level 1.6 Dodging
 + Level 2.8 Stealth
 + Level 3.0 Shields
 + Level 1.6 Unarmed Combat
 + Level 3.2 Spellcasting
 + Level 1.2 Conjurations
 + Level 1.2 Hexes
 + Level 1.2 Charms
 + Level 1.2 Summonings
 + Level 1.2 Necromancy
 + Level 1.2 Translocations
 + Level 1.2 Transmutations
 + Level 4.0 Fire Magic
 + Level 1.2 Ice Magic
 + Level 1.2 Air Magic
 + Level 1.2 Earth Magic
 + Level 1.2 Poison Magic
 + Level 1.8 Invocations
 + Level 1.6 Evocations


You had 6 spell levels left.
You knew the following spells:

 Your Spells              Type           Power        Failure   Level  Hunger
b - Blink                 Tloc           N/A          17%         2    ##.....
g - Shroud of Golubria    Chrm/Tloc      #.........   17%         2    ##.....


Dungeon Overview and Level Annotations

Branches:
Dungeon (4/15)
 Temple: D:4-7

Altars:

Annotations:
D:4 Jaiteiro's ghost, amateur MiFi


Innate Abilities, Weirdness & Mutations

Your experience applies equally to all skills.
You have very sharp teeth.
Your uncanny sense of smell can sniff out nearby items.


Message History

Your shroud begins to fray at the edges.
The giant cockroach closely misses you.
You hit the giant cockroach.
You kill the giant cockroach!
A howler monkey comes into view.
The howler monkey howls!
Found a scroll labeled TUSUIGGULUE, 24 stones and a hardcover book.
You thump the quokka!
You kill the quokka!
The howler monkey hoots and howls with incredible vigour!
You hear a shout!
Unknown command.
An orc comes into view. It is wielding a hand axe.
An orc comes into view. It is wielding a mace.
The orc moves out of view.
You see here a scroll labeled TUSUIGGULUE.
g - 4 scrolls labeled TUSUIGGULUE (gained 1)
Your shroud unravels.
The howler monkey hoots and howls with incredible vigour!
You hear a shout!
You hear an angry hiss.
The howler monkey hits you.
* * * LOW HITPOINT WARNING * * *
The howler monkey misses you.
Casting: Shroud of Golubria
Confirm with . or Enter, or press ? or * to list all spells.
Space distorts slightly along a thin shroud covering your body.
The howler monkey barely misses you.
You barely miss the howler monkey.
Your shroud bends the howler monkey's attack away.
You sock the howler monkey!
The howler monkey is moderately wounded.
The howler monkey barely misses you.
You hit the howler monkey.
You bite the howler monkey, but do no damage.
The howler monkey is severely wounded.
The howler monkey hoots and howls with incredible vigour!
The howler monkey closely misses you.
You hear an angry hiss.
You closely miss the howler monkey. You bite the howler monkey.
The howler monkey is severely wounded.
The howler monkey hoots and howls with incredible vigour!
You hear an angry hiss.
A leopard gecko comes into view.
You sock the howler monkey!
You kill the howler monkey!
Your Fighting skill increases to level 3!
Your Throwing skill increases to level 3!
Your Shields skill increases to level 3!
Your Fire Magic skill increases to level 4!
You hit the orc.
The orc is moderately wounded.
Your shroud begins to fray at the edges.
The orc closely misses you.
You sock the orc!
You kill the orc!
The leopard gecko closely misses you.
You sock the leopard gecko!
You kill the leopard gecko!
An adder comes into view.
An adder skeleton comes into view.
The orc shouts!
Things that are here:
a hand axe; an orc corpse; a howler monkey corpse
Casting: Shroud of Golubria
Confirm with . or Enter, or press ? or * to list all spells.
You renew your shroud.
The adder hisses angrily.
You barely miss the adder skeleton. The adder skeleton bites you.
* * * LOW HITPOINT WARNING * * *
Your shroud falls apart!
You barely miss the adder skeleton. The adder skeleton bites you.
* * * LOW HITPOINT WARNING * * *
You sock the adder skeleton!
You destroy the adder skeleton!
You barely miss the orc. The orc barely misses you.
You thump the orc!
You kill the orc!
You sock the adder!
The adder is severely wounded.
The adder closely misses you. The adder bites you.
* * * LOW HITPOINT WARNING * * *
You sock the adder!
You kill the adder!
Items here: $ )) ††† You now have 66 gold pieces (gained 15).
Jaiteiro's ghost (amateur Minotaur Fighter) comes into view.
Jaiteiro's ghost moves out of view.
Found a chain mail.
Press: ? - help, v - describe, . - travel, g - get item 24 stones.
The floor.
You hit Jaiteiro's ghost.
You bite Jaiteiro's ghost, but do no damage.
Jaiteiro's ghost is lightly damaged.
Jaiteiro's ghost closely misses you.
Casting: Shroud of Golubria
Confirm with . or Enter, or press ? or * to list all spells.
Space distorts slightly along a thin shroud covering your body.
Jaiteiro's ghost hits you!
You die...

# #. ###.## ## ∆
.....# . #.8.. .#
#..8. ∆ :## .#
#.. #[.W####..#
.# #.. #@.(##.#
##. #.. ∆#.8..#.#
#.. #.# #..8.#.#
#.# #.# #..
##.....# #.# #.#
#.# .###...####.#
#.########
#.##.......)....#
.........#
#.##......#####.#
.....###.#
#.######### #.#
#.##.# #.# #.#
#.#


You could see Jaiteiro's ghost.

Vanquished Creatures
  An ogre (D:4)
  A howler monkey (D:4)
  A worker ant (D:4)
  An adder (D:4)
  A gnoll (D:1)
  An ooze (D:1)
  An adder skeleton (D:4)
  2 leopard geckos
  2 orcs (D:4)
  2 bats (D:1)
  A giant cockroach (D:4)
  2 goblins (D:1)
  A hobgoblin (D:2)
  A quokka (D:4)
  A frilled lizard (D:1)
  3 kobolds (D:1)
  4 rats (D:1)
26 creatures vanquished.

Notes
Turn   | Place    | Note
-------+----------+-------------------------------------------
     0 | D:1      | tidbits the Gnoll Wanderer began the quest for the Orb.
     0 | D:1      | tidbits set off with: a +2 quarterstaff, a +0 falchion, the Incunabulum of Dislocation, a +0 robe, a ration
     0 | D:1      | Reached XP level 1. HP: 17/17 MP: 4/4
     0 | D:1      | Identified the Incunabulum of Dislocation
    40 | D:1      | Reached XP level 2. HP: 12/23 MP: 5/5
    44 | D:1      | Learned a level 2 spell: Blink
    47 | D:1      | Learned a level 2 spell: Shroud of Golubria
   256 | D:1      | Reached XP level 3. HP: 28/28 MP: 1/7
   325 | D:4      | Reached skill level 1 in Invocations
   373 | D:4      | Noticed an ogre
   383 | D:4      | Killed an ogre
   383 | D:4      | Reached skill level 1 in Short Blades
   383 | D:4      | Reached skill level 1 in Long Blades
   383 | D:4      | Reached skill level 1 in Axes
   383 | D:4      | Reached skill level 1 in Maces & Flails
   383 | D:4      | Reached skill level 1 in Polearms
   383 | D:4      | Reached skill level 1 in Slings
   383 | D:4      | Reached skill level 1 in Bows
   383 | D:4      | Reached skill level 1 in Crossbows
   383 | D:4      | Reached skill level 1 in Armour
   383 | D:4      | Reached skill level 1 in Dodging
   383 | D:4      | Reached skill level 1 in Unarmed Combat
   383 | D:4      | Reached skill level 3 in Spellcasting
   383 | D:4      | Reached skill level 1 in Conjurations
   383 | D:4      | Reached skill level 1 in Hexes
   383 | D:4      | Reached skill level 1 in Charms
   383 | D:4      | Reached skill level 1 in Summonings
   383 | D:4      | Reached skill level 1 in Necromancy
   383 | D:4      | Reached skill level 1 in Translocations
   383 | D:4      | Reached skill level 1 in Transmutations
   383 | D:4      | Reached skill level 1 in Ice Magic
   383 | D:4      | Reached skill level 1 in Air Magic
   383 | D:4      | Reached skill level 1 in Earth Magic
   383 | D:4      | Reached skill level 1 in Poison Magic
   383 | D:4      | Reached skill level 1 in Evocations
   383 | D:4      | Reached XP level 4. HP: 15/34 MP: 5/8
   383 | D:4      | Reached XP level 5. HP: 18/40 MP: 5/9
   414 | D:4      | Reached skill level 3 in Fighting
   414 | D:4      | Reached skill level 3 in Throwing
   414 | D:4      | Reached skill level 3 in Shields
   414 | D:4      | Reached skill level 4 in Fire Magic
   432 | D:4      | Noticed Jaiteiro's ghost (amateur MiFi)
   437 | D:4      | Slain by Jaiteiro's ghost

Skill      XL: |  1  2  3  4  5 |
---------------+----------------+-----
Invocations    | 1 |  1.8
Short Blades   | 1 |  1.6
Long Blades    | 1 |  1.6
Axes           | 1 |  1.6
Maces & Flails | 1 |  1.6
Polearms       | 1 |  1.6
Slings         | 1 |  1.6
Bows           | 1 |  1.6
Crossbows      | 1 |  1.6
Armour         | 1 |  1.6
Dodging        | 1 |  1.6
Unarmed Combat | 1 |  1.6
Spellcasting   | 3 |  3.2
Conjurations   | 1 |  1.2
Hexes          | 1 |  1.2
Charms         | 1 |  1.2
Summonings     | 1 |  1.2
Necromancy     | 1 |  1.2
Translocations | 1 |  1.2
Transmutations | 1 |  1.2
Ice Magic      | 1 |  1.2
Air Magic      | 1 |  1.2
Earth Magic    | 1 |  1.2
Poison Magic   | 1 |  1.2
Evocations     | 1 |  1.6
Fighting       | 3 |  3.0
Throwing       | 3 |  3.0
Shields        | 3 |  3.0
Fire Magic     | 4 |  4.0
Staves         | |  6.7
Stealth        | |  2.8

Action                   |  1- 3 |  4- 6 || total
-------------------------+-------+-------++-------
Melee: Quarterstaff      |    43 |    19 ||    62
       Bite              |     2 |     3 ||     5
Throw: Stone             |     9 |       ||     9
 Cast: Shroud of Golubri |     8 |     4 ||    12
       Blink             |     1 |       ||     1
 Stab: Sleeping          |     1 |       ||     1
Armor: Robe              |     7 |       ||     7
Dodge: Dodged            |    21 |    10 ||    31

Table legend:
 A = Turns spent in this place as a percentage of turns spent in the entire game.
 B = Non-inter-level travel turns spent in this place as a percentage of non-inter-level travel turns spent in the entire game.
 C = Inter-level travel turns spent in this place as a percentage of turns spent in this place.
 D = Turns resting spent in this place as a percentage of non-inter-level travel turns spent in this place.
 E = Turns spent auto-exploring this place as a percentage of non-inter-level travel turns spent in this place.
 F = Non-inter-level travel turns spent in this place divided by the number of levels of this place that you've seen.
                   A       B       C       D       E      F
               +-------+-------+-------+-------+-------+----------------------
         Total | 100.0 | 100.0 |   0.0 |   0.0 |   0.0 | 109.2
       Dungeon | 100.0 | 100.0 |   0.0 |   0.0 |   0.0 | 109.2
               +-------+-------+-------+-------+-------+----------------------

Table legend:
 A = Kills in this place as a percentage of kills in entire the game.
 B = Kills by you in this place as a percentage of kills by you in the entire game.
 C = Kills by friends in this place as a percentage of kills by friends in the entire game.
 D = Other kills in this place as a percentage of other kills in the entire game.
 E = Experience gained in this place as a percentage of experience gained in the entire game.
 F = Experience gained in this place divided by the number of levels of this place that you have seen.
                   A       B       C       D       E      F
               +-------+-------+-------+-------+-------+----------------------
         Total | 100.0 | 100.0 |   N/A |   N/A | 100.0 |  71.5
       Dungeon | 100.0 | 100.0 |   N/A |   N/A | 100.0 |  71.5
               +-------+-------+-------+-------+-------+----------------------

Vault maps used:
D:1:      dpeg_arrival_simpleton_a, minmay_box_of_dots
D:2:      xom_butterflies
D:3:      grunt_gozag_breadcrumbs, roderic_batcave, roderic_lattice_a,
          okawaru_ov_weapons_minmay
D:4:      minmay_temple_entry_junction_2, serial_shops, shop,
          nicolae_shop_waterfront, kennysheep_mini_moat, nicolae_shop_stone,
          nicolae_shop_stone, first_ration, minmay_bent
